 Dungeon Crawl Stone Soup version 0.30.1-4-g462c640d31 (webtiles) character file.

Game seed: 8809666093379052281

990 spardeous the Conjurer (level 7, 0/50 HPs)
             Began as a Demigod Conjurer on Aug 12, 2023.
             Killed from afar by Edmund (2 damage)
             ... with a puff of flame
             ... on level 5 of the Dungeon.
             The game lasted 00:10:23 (6370 turns).

spardeous the Conjurer (Demigod Conjurer)           Turns: 6370, Time: 00:10:24

Health: 0/50       AC:  7    Str:  9 (12) XL:     7   Next: 65%
Magic:  6/19       EV: 10    Int: 21 (24) God:
Gold:   295        SH:  0    Dex:  9 (12) Spells: 10/17 levels left

rFire   . . .        w - +2 war axe (elec)
rCold   . . .        (no shield)
rNeg    + . .        j - +0 ring mail
rPois   .            A - +2 hat
rElec   .            (no cloak)
rCorr   .            (no gloves)
SInv    .            (no boots)
Will    +....        (no amulet)
Stlth   +            l - ring of willpower
HPRegen 0.28/turn    o - ring of positive energy
MPRegen 0.16/turn

%: no passive effects
@: no status effects
A: high MP 1, forlorn, divine attributes
a: no special abilities


You were on level 5 of the Dungeon.
You visited 1 branch of the dungeon, and saw 5 of its levels.
You also visited: Sewer.

You collected 295 gold pieces.

Inventory:

Hand Weapons
 h - a +0 club
 w - a +2 war axe of electrocution (weapon)
 z - a +1 dagger of speed
Armour
 a - a +0 robe
 j - a +0 ring mail (worn)
 k - a +0 helmet
 p - a +0 leather armour
 A - a +2 hat (worn)
Jewellery
 l - a ring of willpower (left hand)
 o - a ring of positive energy (right hand)
 y - a ring of see invisible
Wands
 x - a wand of charming (2)
Scrolls
 f - 8 scrolls of identify {unknown}
 g - 3 scrolls of brand weapon {unknown}
 s - 2 scrolls of fog {unknown}
 u - a scroll of enchant armour {unknown}
 v - 3 scrolls of teleportation {unknown}
Potions
 b - a potion of magic
 c - 2 potions of ambrosia {unknown}
 d - 3 potions of degeneration
 e - 3 potions of might {unknown}
 i - 2 potions of curing {unknown}
 m - 2 potions of resistance {unknown}
 n - a potion of haste {unknown}
 q - a potion of mutation {unknown}
 r - 3 potions of invisibility {unknown}
 t - a potion of heal wounds {unknown}


   Skills:
 - Level 1.7 Dodging
 - Level 1.7 Stealth
 + Level 5.7 Spellcasting
 + Level 7.0 Conjurations


You had 10 spell levels left.
You knew the following spells:

 Your Spells              Type           Power      Damage    Failure   Level
a - Magic Dart            Conj           100%       1d8       1%          1
b - Searing Ray           Conj           70%        2d7       2%          2
c - Iskenderun's Mystic   Conj/Tloc      20%        2d6       54%         4

Your spell library contained the following spells:

 Spells                   Type           Power      Damage    Failure   Level
 Dazzling Flash           Conj/Hex       40%        N/A       21%         3
 Slow                     Hex            20%        N/A       28%         1
 Mephitic Cloud           Conj/Pois/Air  15%        N/A       32%         3
 Poisonous Vapours        Pois/Air       10%        N/A       38%         2
 Fulminant Prism          Conj/Hex       10%        3d9       54%         4
 Confusing Touch          Hex            5%         N/A       63%         3
 Vampiric Draining        Necr           5%         2d6       63%         3
 Freezing Cloud           Conj/Ice/Air   7%         6-21      96%         5


Dungeon Overview and Level Annotations

Branches:
Dungeon (5/15)              Sewer (visited)
 Temple: D:4-7

Annotations:
D:5 Edmund


Innate Abilities, Weirdness & Mutations

You have an increased reservoir of magic. (+10% MP)
You shall have no god before yourself.
Your divine heritage dramatically boosts your attributes as you level up.


Message History

You kill the adder!
Edmund closely misses you.
You now have 10/18 mp.
The searing ray hits Edmund but does no damage.
Edmund is severely wounded.
The searing ray hits the orc priest!
The orc priest is heavily wounded.
You finish channelling your searing ray.
Edmund barely misses you.
You now have 9/18 mp.
Casting: Searing Ray (safe; 1% risk of failure)
Confirm with . or Enter, or press ? or * to list all spells.
Aiming: Searing Ray (safe; 1% risk of failure)
Press: ? - help, Shift-Dir - straight line, f/p - Edmund
Aim: Edmund, wielding a +0 flail of protection, wearing a +2 scale mail of willpower and carrying a wand of flame (19) (severely wounded, 84% to hit)
The searing ray hits Edmund.
Edmund is severely wounded.
The searing ray hits the orc priest!
You kill the orc priest! (Press . to maintain the ray.) Edmund zaps a wand.
The puff of flame misses you.
You now have 7/19 mp.
The searing ray hits Edmund but does no damage.
Edmund is severely wounded.
The searing ray hits something.
Reactivating autopickup.
You feel a bit more experienced.
Edmund zaps a wand.
The puff of flame hits you.
* * * LOW HITPOINT WARNING * * *
Your Conjurations skill increases to level 7!
You take 6 damage, and have 9/50 hp.
You now have 6/19 mp.
The searing ray misses Edmund.
Edmund zaps a wand.
The puff of flame hits you!
* * * LOW HITPOINT WARNING * * *
You take 7 damage, and have 2/50 hp.
You now have 5/19 mp.
Unknown command.
It was a potion of degeneration.
There was something very wrong with that liquid.
You feel weakened.
You feel dopey.
You feel clumsy.
Edmund zaps a wand.
The puff of flame hits you.
You die...

.## #. #.# #..>......# # .# #.#
#.##.# #.........# # #.# #.##.#
#.[.......# + #.# #.##.#
###....#.## # .. #.# #.##.#
#....#.# ## ..o #.# #.##.#
#......# ##. .... #.###.##.#
###.##.## ##..
....o#........#######.#...####...
.....'......)))@@))..........'...
.....#.###..#########.#...####...
.... #.# #.## #.##.## ##.. ...
#.###.# #.#### ##. .. ##[..## #.#
## .# ##.## #.####### # .# #.#
#.#.....# .##### #.# #.#.....#
.....# #.# #.......# #


You could see Edmund.

Vanquished Creatures
  Pargi (Sewer)
  A phantom (D:4)
  A scorpion (D:4)
  3 jellies
  An orc priest (D:5)
  3 gnoll boudas (D:5)
  An iguana (D:5)
  2 orc wizards
  A sleepcap (D:4)
  Ijyb (D:3)
  Robin (D:2)
  20 gnolls
  7 adders
  4 worms
  3 dart slugs
  10 orcs
  10 ball pythons
  12 endoplasms
  9 giant cockroaches
  13 goblins
  8 hobgoblins
  5 jackals (D:1)
  6 kobolds
  10 quokkas
  5 bats
  5 frilled lizards
  12 rats
155 creatures vanquished.

Notes
Turn   | Place    | Note
-------+----------+-------------------------------------------
     0 | D:1      | spardeous the Demigod Conjurer began the quest for the Orb.
     0 | D:1      | Reached XP level 1. HP: 14/14 MP: 5/5
     0 | D:1      | Noticed a jelly
     1 | D:1      | Found a runed translucent door.
   409 | D:1      | Reached XP level 2. HP: 20/20 MP: 4/7
   591 | D:1      | Reached skill level 4 in Conjurations
  1146 | D:1      | Learned a level 2 spell: Searing Ray
  1171 | D:1      | Reached XP level 3. HP: 16/26 MP: 1/9
  1345 | D:1      | Reached XP level 4. HP: 7/33 MP: 1/11
  1898 | D:2      | Noticed Robin
  1995 | D:2      | Killed Robin
  2618 | D:2      | Learned a level 4 spell: Iskenderun's Mystic Blast
  3030 | D:2      | Reached XP level 5. HP: 33/38 MP: 3/13
  3296 | D:2      | You fall into a shaft and drop 2 floors!
  3336 | D:4      | Reached skill level 5 in Conjurations
  3780 | D:4      | Reached XP level 6. HP: 24/45 MP: 5/15
  3816 | D:4      | Found a glowing drain.
  3842 | Sewer    | Entered a sewer
  3968 | Sewer    | Noticed Pargi
  3978 | Sewer    | Killed Pargi
  3979 | Sewer    | Reached skill level 6 in Conjurations
  4635 | D:3      | Noticed Ijyb
  4641 | D:3      | Killed Ijyb
  5499 | D:5      | Entered Level 5 of the Dungeon
  5621 | D:5      | Reached XP level 7. HP: 45/50 MP: 8/17
  5623 | D:5      | Reached skill level 5 in Spellcasting
  6347 | D:5      | Noticed Edmund
  6369 | D:5      | Reached skill level 7 in Conjurations
  6369 | D:5      | HP: 2/50 [Edmund/puff of flame (8)]
  6370 | D:5      | Killed from afar by Edmund

Illustrated notes

Levels and vault maps discovered:
D:1:      dpeg_arrival_caged_fury, layout_loops_ring, minmay_parallelograms
D:2:      wad_woods_tower, layout_loops_ring, serial_glass, glass_columns_c,
          glass_columns_b, uniq_robin
D:3:      layout_basic, worldfamousw_hep_ancestral_shrine,
          kiku_gazebo_pond_becter, uniq_ijyb
D:4:      layout_basic, amcnicky_altar_gilded,
          mainiacjoe_overflow_small_starburst, gup_sewer_entry_glass
D:5:      layout_loops_corners, kennysheep_mini_moat,
          nicolae_overflow_two_pavilions, minmay_temple_entry_mist, uniq_edmund,
          uniq_crazy_yiuf_cottage

Skill      XL: |  1  2  3  4  5  6  7 |
---------------+----------------------+-----
Spellcasting   | 2 3 4 5 |  5.7
Conjurations   | 4 5 6 7 |  7.0
Dodging        | |  1.7
Stealth        | |  1.7

Action                     |  1- 3 |  4- 6 |  7- 9 || total
---------------------------+-------+-------+-------++-------
  Melee: Club              |    66 |    10 |       ||    76
         Punch             |     1 |       |       ||     1
   Cast: Magic Dart        |    46 |   110 |    14 ||   170
         Searing Ray       |     6 |    33 |    14 ||    53
    Use: Potion            |       |       |     1 ||     1
 Armour: Robe              |    16 |       |       ||    16
         Ring mail         |       |    36 |     6 ||    42
  Dodge: Dodged            |    85 |    45 |     9 ||   139
